 Dungeon Crawl Stone Soup version 0.21.1-1-g345015f (webtiles) character file.

36169 t7DKbSm the Peltast (level 13, -5/116 HPs)
             Began as a Minotaur Fighter on May 5, 2018.
             Was a High Priest of Trog.
             Splashed by a brown ugly thing's acid (9 damage)
             ... on level 15 of the Dungeon.
             The game lasted 01:02:47 (12354 turns).

t7DKbSm the Peltast (Minotaur Fighter)             Turns: 12354, Time: 01:02:48

Health: -5/116     AC: 16    Str: 31    XL:     13   Next: 51%
Magic:  12/12      EV: 16    Int:  5    God:    Trog [*****.]
Gold:   1612       SH: 16    Dex: 16    Spells: 12/12 levels left

rFire    . . .     SeeInvis .   x - +5 flail (crush)
rCold    . . .     Gourm    .   c - +1 shield
rNeg     . . .     Faith    +   A - +0 scale mail {MR+}
rPois    .         Spirit   .   (helmet restricted)
rElec    .         Reflect  .   C - +1 cloak {MR+}
rCorr    .         Harm     .   Y - +2 pair of gloves
MR       ++++.                  o - +0 pair of boots
Stlth    +.........             I - amulet of faith
HPRegen  0.29/turn              O - ring of protection from magic
MPRegen  0.13/turn              W - +4 ring of dexterity

@: mighty, about to teleport, berserk cooldown, slowed, very slow
A: retaliatory headbutt, horns 2, magic resistance 1, strong 1
a: Berserk, Trog's Hand, Brothers in Arms, Burn Spellbooks, Renounce Religion


You were on level 15 of the Dungeon.
You worshipped Trog.
Trog was extremely pleased with you.
You were not hungry.

You visited 2 branches of the dungeon, and saw 16 of its levels.

You collected 2017 gold pieces.
You spent 405 gold pieces at shops.

Inventory:

Hand Weapons
 p - a -3 executioner's axe
 r - a +1 trident of venom
 x - a +5 flail of crushing (weapon)
 L - a +5 scimitar
Missiles
 Z - 3 throwing nets (quivered)
Armour
 c - a +1 shield (worn)
 o - a +0 pair of boots (worn)
 A - a +0 scale mail of magic resistance (worn)
 C - a +1 cloak of magic resistance (worn)
 Y - a +2 pair of gloves (worn)
Magical Staves
 J - an uncursed staff of fire
Jewellery
 G - an uncursed ring of flight
 I - an amulet of faith (around neck)
 K - an uncursed ring of poison resistance
 O - a ring of protection from magic (left hand)
 Q - an uncursed ring of protection from magic
 W - a +4 ring of dexterity (right hand)
Wands
 a - a wand of polymorph (23)
 j - a wand of disintegration (15)
 t - a wand of flame (28)
 F - a wand of clouds (5)
 P - a wand of acid (9)
 T - a wand of paralysis (26)
Scrolls
 e - 16 scrolls of identify
 k - a scroll of fear {unknown}
 m - 9 scrolls of teleportation
 n - a scroll of amnesia {unknown}
 q - a scroll of noise {unknown}
 s - a scroll of enchant weapon
 u - 4 scrolls of remove curse
 v - a scroll of fog
 y - 4 scrolls of magic mapping
 E - a scroll of enchant armour
Potions
 b - a potion of heal wounds {unknown}
 g - a potion of berserk rage {unknown}
 h - a potion of magic {unknown}
 i - a potion of curing
 l - a potion of mutation
 w - a potion of haste {unknown}
 z - a potion of invisibility {unknown}
 B - 2 potions of lignification
 D - 3 potions of brilliance
 H - a potion of ambrosia {unknown}
 M - a potion of resistance {unknown}
 V - a potion of flight
Comestibles
 f - 9 rations


   Skills:
 + Level 11.5 Fighting
 + Level 1.9 Long Blades
 + Level 3.4(10.2) Axes
 + Level 14.4(14.6) Maces & Flails
 + Level 10.9 Armour
 + Level 8.2 Dodging
 + Level 1.7 Stealth
 + Level 15.1 Shields
 + Level 0.3 Evocations


You had 12 spell levels left.
You didn't know any spells.

Dungeon Overview and Level Annotations

Branches:
Dungeon (15/15)            Temple (1/1) D:4            Lair (0/6) D:8
    Orc (0/2) D:9          Vaults (0/5) D:14
 Depths: D:15

Altars:
Ashenzari
Fedhas
Gozag
Hepliaklqana
Okawaru
Ru
Sif Muna
Trog
Xom
Zin

Shops:
D:6 !   D:9 =   D:11 (

Portals:
Ice
Cave: D:15


Innate Abilities, Weirdness & Mutations

You reflexively headbutt those who attack you in melee.
You have a pair of horns on your head.
You are resistant to hostile enchantments. (MR+)
Your muscles are strong. (Str +2)


Message History

Your headbutt misses the cyan ugly thing.
The cyan ugly thing is lightly wounded.
The cyan ugly thing bites you.
* * * LOW HITPOINT WARNING * * *
The cyan ugly thing shocks you!
* * * LOW HITPOINT WARNING * * *
You feel better. The cyan ugly thing closely misses you.
You furiously retaliate!
You headbutt the cyan ugly thing!
The cyan ugly thing basks in the mutagenic energy from its kin and changes!
You feel very mighty all of a sudden. The cyan ugly thing punches you.
* * * LOW HITPOINT WARNING * * *
The cyan ugly thing shocks you!
* * * LOW HITPOINT WARNING * * *
The cyan ugly thing punches you but does no damage.
As you read the scroll of teleportation, it crumbles to dust.
You feel strangely unstable. The brown ugly thing stings you.
* * * LOW HITPOINT WARNING * * *
You are splashed with acid!
The acid burns!
You die...

#..............#
#..............#
#......).......#
.............#.#
#.....##<.....#
#.).(.##..#.###
#..)..##..#
####)###..#
#@u....#
#u####.#


.Yuc ... ###... .#.# ..... ..... .####... #.# #. .#.. .# #! #.. # You could see
3 ugly things, an ice beast and a centaur.

Vanquished Creatures
  Nessos (D:13)
  2 hydras (D:14)
  8 two-headed ogres
  2 centaur warriors
  A tengu warrior (D:14)
  Nergalle (D:11)
  A skeletal warrior (D:15)
  3 unseen horrors
  Pikel (D:9)
  A phantasmal warrior (D:15)
  3 ugly things (D:15)
  4 cyclopes
  A deep elf mage (D:6)
  2 manticores
  Psyche (D:9)
  Maurice (D:13)
  A gargoyle (D:10)
  A kobold demonologist (D:9)
  2 centaur skeletons (D:11)
  A komodo dragon (D:14)
  A freezing wraith (D:15)
  5 tengu conjurers
  2 meliai (D:14)
  A troll (D:14)
  A jumping spider (shapeshifter) (D:14)
  A hornet (D:11)
  3 hippogriffs
  The ghost of Tiareth the Charmwright, an amateur DESk (D:4)
  Sigmund (D:5)
  A vampire (D:13)
  15 yaks
  Grum (D:9)
  Menkaure (D:5)
  3 vampire mosquitoes (D:9)
  3 soldier ants (D:11)
  Edmund (D:5)
  An acid dragon (D:12)
  3 porcupines
  2 orc warriors
  A slave (D:9)
  5 sky beasts
  3 necrophages
  An eye of draining (D:9)
  5 black bears
  5 ice beasts
  A phantom (D:8)
  8 ogres
  3 wolves (D:9)
  7 centaurs
  4 crocodiles
  13 big kobolds
  7 bullfrogs
  A wyvern zombie (D:8)
  A water moccasin zombie (D:6)
  4 scorpions
  16 killer bees
  7 wights
  5 howler monkeys
  7 crimson imps
  2 bullfrog zombies
  3 centaur zombies
  2 jellies
  9 hounds
  2 orc priests (D:7)
  2 bullfrog skeletons (D:11)
  7 iguanas
  11 orc wizards
  8 worker ants
  A hound skeleton (D:7)
  A worker ant zombie (D:5)
  4 gnolls (D:2)
  13 adders
  2 shadow imps
  An ooze (D:1)
  3 adder skeletons
  4 worms
  4 dart slugs
  5 leopard geckos
  32 orcs
  4 giant cockroaches
  8 goblins
  12 hobgoblins
  22 jackals
  8 quokkas
  A ball python skeleton (D:6)
  12 bats
  8 frilled lizards
  37 kobolds
  A leopard gecko zombie (D:8)
  9 rats
  2 fungi (D:12)
429 creatures vanquished.

Vanquished Creatures (collateral kills)
  A death knight (D:15)
  4 ugly things (D:14)
  A meliai (D:14)
  A raiju (shapeshifter) (D:14)
  A dream sheep (shapeshifter) (D:14)
  2 ice beasts (D:15)
  A crimson imp (D:14)
11 creatures vanquished.

Vanquished Creatures (others)
  4 fungi (D:8)
  A plant (D:8)
5 creatures vanquished.

Grand Total: 445 creatures vanquished

Notes
Turn   | Place    | Note
-------+----------+-------------------------------------------
     0 | D:1      | t7DKbSm the Minotaur Fighter began the quest for the Orb.
     0 | D:1      | Reached XP level 1. HP: 19/19 MP: 0/0
   106 | D:1      | Reached XP level 2. HP: 22/27 MP: 1/1
   177 | D:1      | Reached skill level 4 in Shields
   275 | D:1      | Reached XP level 3. HP: 29/33 MP: 2/2
   579 | D:2      | Reached XP level 4. HP: 17/41 MP: 3/3
   582 | D:2      | Reached skill level 1 in Dodging
  1309 | D:3      | Reached XP level 5. HP: 42/47 MP: 4/4
  1565 | D:3      | Noticed a sky beast
  1576 | D:3      | Killed a sky beast
  1576 | D:3      | Reached skill level 5 in Shields
  2012 | D:3      | Reached XP level 6. HP: 49/53 MP: 5/5
  2330 | D:4      | Noticed Tiareth's ghost (amateur DESk)
  2391 | D:4      | Killed Tiareth's ghost
  2391 | D:4      | Reached skill level 5 in Armour
  2574 | D:4      | Reached XP level 7. HP: 60/60 MP: 6/6
  2637 | D:4      | Found a staircase to the Ecumenical Temple.
  2920 | D:5      | Entered Level 5 of the Dungeon
  2955 | D:5      | Reached skill level 6 in Shields
  2992 | D:5      | Found a sacrificial altar of Ru.
  3009 | D:5      | Noticed Menkaure
  3013 | D:5      | Noticed Sigmund
  3014 | D:5      | Reached skill level 5 in Fighting
  3270 | Temple   | Entered the Ecumenical Temple
  3275 | Temple   | Became a worshipper of Trog the Wrathful
  3353 | D:5      | Noticed Edmund
  3364 | D:5      | Killed Edmund
  3373 | D:5      | Killed Sigmund
  3373 | D:5      | Reached skill level 5 in Maces & Flails
  3373 | D:5      | Reached XP level 8. HP: 55/69 MP: 7/7
  3554 | D:5      | Reached skill level 7 in Shields
  3681 | D:5      | Reached * piety under Trog
  3941 | D:5      | Killed Menkaure
  4140 | D:6      | Found Perydusm's Distillery.
  4229 | D:6      | Noticed a deep elf mage
  4237 | D:6      | Killed a deep elf mage
  4268 | D:6      | Reached XP level 9. HP: 43/77 MP: 8/8
  4317 | D:6      | Reached skill level 8 in Shields
  4470 | D:6      | Reached skill level 1 in Stealth
  4685 | D:7      | Reached ** piety under Trog
  5234 | D:7      | Reached *** piety under Trog
  5365 | D:8      | Noticed a two-headed ogre
  5374 | D:8      | Killed a two-headed ogre
  5374 | D:8      | Reached skill level 1 in Long Blades
  5374 | D:8      | Reached skill level 9 in Shields
  5374 | D:8      | Reached XP level 10. HP: 61/86 MP: 9/9
  5385 | D:8      | Found a staircase to the Lair.
  6069 | D:8      | Reached skill level 10 in Maces & Flails
  6120 | D:8      | Found an opulent altar of Gozag.
  6342 | D:9      | Found Vovuoz's Jewellery Shoppe.
  6441 | D:9      | Reached **** piety under Trog
  6443 | D:9      | Reached skill level 5 in Dodging
  6463 | D:9      | Noticed a rust devil
  6575 | D:9      | Noticed Grum
  6584 | D:9      | Killed Grum
  6584 | D:9      | Reached skill level 10 in Shields
  6594 | D:9      | Noticed a two-headed ogre
  6603 | D:9      | Killed a two-headed ogre
  6628 | D:9      | Reached XP level 11. HP: 55/95 MP: 10/10
  6847 | D:9      | Noticed Pikel
  6854 | D:9      | Killed Pikel
  7220 | D:9      | Noticed Psyche
  7222 | D:9      | Found a staircase to the Orcish Mines.
  7226 | D:9      | Killed Psyche
  7241 | D:9      | Reached ***** piety under Trog
  7431 | D:9      | Bought a +4 ring of dexterity for 405 gold pieces
  7459 | D:10     | Entered Level 10 of the Dungeon
  7846 | D:10     | Killed an unseen horror
  7846 | D:10     | Reached skill level 11 in Shields
  8051 | D:10     | Gained mutation: You are resistant to hostile enchantments. (MR+) [potion of mutation]
  8051 | D:10     | Gained mutation: Your muscles are strong. (Str +2) [potion of mutation]
  8292 | D:11     | Identified a scroll of acquirement
  8329 | D:11     | Noticed a two-headed ogre
  8342 | D:11     | Killed a two-headed ogre
  8667 | D:11     | Noticed a centaur warrior
  8674 | D:11     | Killed a centaur warrior
  8737 | D:11     | Noticed Nergalle
  8752 | D:11     | Killed Nergalle
  8768 | D:11     | Reached skill level 12 in Shields
  8816 | D:11     | Noticed a two-headed ogre
  8824 | D:11     | Killed a two-headed ogre
  8824 | D:11     | Reached skill level 10 in Fighting
  8857 | D:11     | Reached XP level 12. HP: 63/106 MP: 11/11
  9110 | D:11     | Received a gift from Trog
  9156 | D:11     | You fall through a shaft!
  9300 | D:11     | Found Pecsomil's Weapon Emporium.
  9634 | D:12     | Noticed a two-headed ogre
  9638 | D:12     | Killed a two-headed ogre
  9819 | D:12     | Received a gift from Trog
  9848 | D:12     | Reached skill level 10 in Armour
  9895 | D:12     | Noticed a two-headed ogre
  9902 | D:12     | Killed a two-headed ogre
 10212 | D:13     | Noticed Nessos
 10220 | D:13     | Killed Nessos
 10220 | D:13     | Reached skill level 13 in Shields
 10249 | D:13     | Noticed a centaur warrior
 10258 | D:13     | Killed a centaur warrior
 10353 | D:13     | Noticed a two-headed ogre
 10360 | D:13     | Killed a two-headed ogre
 10478 | D:13     | Noticed Maurice
 10485 | D:13     | Killed Maurice
 10911 | D:14     | Noticed a tengu warrior
 10922 | D:14     | Killed a tengu warrior
 10934 | D:14     | Reached skill level 14 in Shields
 10940 | D:14     | Reached XP level 13. HP: 88/116 MP: 12/12
 10967 | D:14     | Found a gate to the Vaults.
 11002 | D:14     | Received a gift from Trog
 12294 | D:15     | Entered Level 15 of the Dungeon
 12294 | D:15     | Found a frozen archway.
 12320 | D:15     | Received a gift from Trog
 12328 | D:15     | Reached skill level 15 in Shields
 12354 | D:15     | HP: 4/116 [brown ugly thing (6)]
 12354 | D:15     | Splashed by a brown ugly thing's acid

Skill      XL: |  1  2  3  4  5  6  7  8  9 10 11 12 13 |
---------------+----------------------------------------+-----
Armour         | 4 5 6 7 8 9 10 | 10.9
Fighting       | 4 5 6 7 8 10 11 | 11.5
Shields        | 4 5 6 7 9 10 12 14 15 | 15.1
Axes           | 3 |  3.4
Dodging        | 1 2 3 4 5 6 7 8 |  8.2
Maces & Flails | 2 3 5 7 9 11 12 13 14 | 14.4
Stealth        | 1 |  1.7
Long Blades    | 1 |  1.9
Evocations     | |  0.3

Action                   |  1- 3 |  4- 6 |  7- 9 | 10-12 | 13-15 || total
-------------------------+-------+-------+-------+-------+-------++-------
Melee: War axe           |    90 |     6 |       |       |       ||    96
       Headbutt          |    12 |    26 |    56 |   141 |    37 ||   272
       Flail             |       |   168 |   301 |   647 |   124 ||  1240
       Scimitar          |       |       |     8 |       |       ||     8
Invok: Burn Spellbooks   |       |       |     1 |       |       ||     1
       Berserk           |       |       |     2 |     3 |     1 ||     6
       Trog's Hand       |       |       |     1 |     3 |     1 ||     5
       Brothers in Arms  |       |       |       |     2 |     1 ||     3
Evoke: Wand              |       |     3 |       |     1 |       ||     4
  Use: Scroll            |       |       |     2 |     8 |     1 ||    11
       Potion            |       |       |       |     6 |     2 ||     8
  Eat: Ration            |       |     2 |     3 |     6 |     2 ||    13
       Chunk             |       |       |       |     3 |       ||     3
Armor: Scale mail        |    34 |    84 |   137 |   160 |    54 ||   469
Dodge: Dodged            |    32 |    60 |   124 |   226 |    50 ||   492
Block: Shield            |    44 |    87 |   196 |   460 |    87 ||   874
